 Dungeon Crawl Stone Soup version 0.20.0-15-g7f486f2 (webtiles) character file.

298 greprep the Archer (level 6, -2/51 HPs)
             Began as a Centaur Hunter on June 13, 2017.
             Killed by divine providence
             ... invoked by an orc priest
              (16 damage)
             ... on level 3 of the Dungeon.
             The game lasted 00:06:15 (3246 turns).

greprep the Archer (Centaur Hunter)                 Turns: 3246, Time: 00:06:16

Health: -2/51      AC:  4    Str: 15    XL:     6   Next: 13%
Magic:  6/6        EV:  9    Int: 10    God:
Gold:   80         SH:  0    Dex: 11    Spells: 5/5 levels left

rFire    . . .     SeeInvis .   b - +0 short sword
rCold    . . .     Gourm    .   (no shield)
rNeg     . . .     Faith    .   c - +0 leather armour
rPois    .         Spirit   .   (no helmet)
rElec    .         Reflect  .   (no cloak)
rCorr    +         Harm     .   (no gloves)
MR       .....                  (no barding)
Stlth    +.........             (no amulet)
Regen    0.2/turn               n - ring of resist corrosion
MPRegen  0.1/turn               (no ring)

@: very quick
A: hooves 3, deformed body, speed 2, tough skin 3
a: no special abilities


You were on level 3 of the Dungeon.
You were not hungry.

You visited 1 branch of the dungeon, and saw 3 of its levels.

You collected 80 gold pieces.

Inventory:

Hand Weapons
 a - a +1 shortbow
 b - a +0 short sword (weapon)
Armour
 c - a +0 leather armour (worn)
Jewellery
 n - a ring of resist corrosion (left hand)
Scrolls
 g - a scroll of identify {unknown}
 h - 2 scrolls of teleportation {unknown}
 l - a scroll of enchant weapon {unknown}
 q - a scroll of remove curse {unknown}
 r - a scroll of amnesia {unknown}
 s - a scroll of fog {unknown}
Potions
 e - a potion of mutation {unknown}
 j - a potion of resistance {unknown}
 k - a potion of curing {unknown}
 m - a potion of invisibility {unknown}
 o - a potion of cancellation {unknown}
 p - a potion of magic {unknown}
Comestibles
 f - 2 bread rations
 i - 3 meat rations


   Skills:
 + Level 3.1 Fighting
 + Level 0.5 Short Blades
 + Level 8.6 Bows
 + Level 1.1 Armour
 + Level 1.6 Dodging
 - Level 0.4 Stealth


You had 5 spell levels left.
You didn't know any spells.

Dungeon Overview and Level Annotations

Branches:
Dungeon (3/15)

Altars:
Ashenzari


Innate Abilities, Weirdness & Mutations

You have hooves in place of feet.
Armour fits poorly on your strangely shaped body.
You cover ground very quickly.
You have extremely tough skin. (AC +3)


Message History

The orc hits you but does no damage.
You hit the orc but do no damage. You kick the orc, but do no damage.
The orc is lightly wounded.
The orc hits you.
* * * LOW HITPOINT WARNING * * *
You hit the orc but do no damage.
The orc is lightly wounded.
The orc barely misses you.
You hit the orc.
The orc is moderately wounded.
The orc hits you.
* * * LOW HITPOINT WARNING * * *
You closely miss the orc.
The orc is moderately wounded.
The orc barely misses you.
You hit the orc but do no damage.
The orc is moderately wounded.
The orc priest mumbles some strange prayers to Beogh against you.
Beogh smites you!
You die...

###### ....(. ......#
>((.. .(.## #+# #(o# #.#
#o# #.# #@# #.# #.## #.#
#..#
###########.#####.########
..........................
.#########................
.# #.######.######## .#
#.# #.## .# #.# #..#


You could see an orc priest and an orc.

Vanquished Creatures
  Sigmund (D:2)
  Jessica (D:2)
  A worker ant (D:3)
  4 adders
  2 oozes (D:1)
  3 orcs (D:3)
  5 giant cockroaches
  4 goblins
  4 hobgoblins
  2 jackals (D:2)
  A quokka (D:2)
  A ball python (D:2)
  4 bats
  A frilled lizard (D:2)
  7 kobolds
  4 rats
45 creatures vanquished.

Notes
Turn   | Place    | Note
-------+----------+-------------------------------------------
     0 | D:1      | greprep the Centaur Hunter began the quest for the Orb.
     0 | D:1      | Reached XP level 1. HP: 17/17 MP: 1/1
   151 | D:1      | Reached XP level 2. HP: 23/24 MP: 2/2
   488 | D:1      | Reached skill level 6 in Bows
   875 | D:2      | Noticed Sigmund
   882 | D:2      | Noticed Jessica
  1122 | D:2      | Killed Jessica
  1122 | D:2      | Reached XP level 3. HP: 30/30 MP: 3/3
  1328 | D:1      | HP: 1/30 [poisoned by Sigmund]
  1812 | D:2      | Reached XP level 4. HP: 37/37 MP: 4/4
  1838 | D:2      | Reached skill level 7 in Bows
  1852 | D:2      | Found a shattered altar of Ashenzari.
  2506 | D:2      | Killed Sigmund
  2506 | D:2      | Reached skill level 8 in Bows
  2506 | D:2      | Reached XP level 5. HP: 27/45 MP: 5/5
  3045 | D:3      | Reached skill level 1 in Armour
  3055 | D:3      | Reached XP level 6. HP: 51/51 MP: 6/6
  3246 | D:3      | Killed from afar by an orc priest

Skill      XL: |  1  2  3  4  5 |
---------------+----------------+-----
Bows           | 6 8 |  8.6
Fighting       | 3 |  3.1
Armour         | 1 |  1.1
Short Blades   | |  0.5
Dodging        | |  1.6
Stealth        | |  0.4

Action                   |  1- 3 |  4- 6 || total
-------------------------+-------+-------++-------
Melee: Short sword       |       |    17 ||    17
       Kick              |       |     4 ||     4
 Fire: Shortbow          |    91 |    81 ||   172
  Use: Potion            |     2 |       ||     2
  Eat: Chunk             |     1 |       ||     1
       Meat ration       |       |     1 ||     1
Armor: Leather armour    |     7 |    13 ||    20
Dodge: Dodged            |    11 |    15 ||    26
